 Dungeon Crawl Stone Soup version 0.18-a0-1206-g2bec475 (webtiles) character file.

11 Lianjan the Ruffian (level 2, 0/25 HPs)
             Began as a Naga Transmuter on Feb 1, 2016.
             Slain by a jackal (2 damage)
             ... on level 1 of the Dungeon.
             The game lasted 00:03:07 (621 turns).

Lianjan the Ruffian (Naga Transmuter)                Turns: 621, Time: 00:03:08

Health: 0/25       AC:  2    Str: 12    XL:     2   Next: 29%
Magic:  1/5        EV: 10    Int: 13    God:
Gold:   14         SH:  0    Dex: 11    Spells: 2 memorised, 2 levels left

rFire  . . .     SeeInvis +       - Unarmed
rCold  . . .     Gourm    +     b - +0 robe
rNeg   . . .     Faith    .     (no shield)
rPois  +         Spirit   .     (no helmet)
rElec  .         Dismiss  .     (no cloak)
rCorr  .         Reflect  .     h - +0 pair of gloves
SustAt .         Harm     .     (no barding)
MR     .....                    i - amulet of the gourmand
Stlth  +.........               (no ring)
                                (no ring)

@: very slightly contaminated, very slow, not resistant to hostile enchantments,
very unstealthy
A: see invisible, deformed body, poison resistance, slowness 2, slow metabolism
1, spit poison 2, AC +0
a: Spit Poison


You were on level 1 of the Dungeon.
You were full.

You visited 1 branch of the dungeon, and saw 1 of its levels.

You collected 14 gold pieces.

Inventory:

Missiles
 a - 10 arrows
Armour
 b - a +0 robe (worn)
 h - a +0 pair of gloves (worn)
Jewellery
 i - an amulet of the gourmand (around neck)
Scrolls
 f - a scroll of recharging {unknown}
 g - a scroll of remove curse {unknown}
Potions
 e - a potion of haste {unknown}
Books
 c - a book of Changes

   Spells                             Type                      Level
   a - Beastly Appendage              Transmutation                1
   b - Sticks to Snakes               Transmutation                2
   c - Spider Form                    Transmutation/Poison         3
   d - Ice Form                       Ice/Transmutation            4
   e - Blade Hands                    Transmutation                5
Comestibles
 d - a bread ration


   Skills:
 - Level 1.0 Fighting
 - Level 1.5 Dodging
 - Level 3.0 Unarmed Combat
 - Level 2.0 Spellcasting
 + Level 2.9 Transmutations


You had 2 spell levels left.
You knew the following spells:

 Your Spells              Type           Power        Failure   Level  Hunger
a - Beastly Appendage     Trmt           #.....       10%         1    ##.....
b - Sticks to Snakes      Trmt           #.......     14%         2    ###....


Dungeon Overview and Level Annotations

Branches:
Dungeon (1/15)

Altars:


Innate Abilities, Weirdness & Mutations

You cannot wear boots.
Your serpentine skin is tough (AC +0).
You have supernaturally acute eyesight.
Armour fits poorly on your strangely shaped body.
Your system is resistant to poisons.
You cover ground very slowly.
You have a slow metabolism.
You can spit poison.


Message History

* * * LOW HITPOINT WARNING * * *
The jackal bites you but does no damage.
The jackal barely misses you. The jackal bites you.
* * * LOW HITPOINT WARNING * * *
The jackal barely misses you.
Casting: Sticks to Snakes
Confirm with . or Enter, or press ? or * to list all spells.
You miscast Sticks to Snakes.
You are very lightly contaminated with residual magic.
Nothing appears to happen.
The jackal barely misses you.
Casting: Sticks to Snakes
Confirm with . or Enter, or press ? or * to list all spells.
You create a snake!
You now have 10 arrows.
The jackal bites you.
* * * LOW HITPOINT WARNING * * *
The hobgoblin hits your ball python with a whip.
Your ball python dies!
The jackal closely misses you. The jackal bites you.
You die...

##......# ##...##
##.....# ##.....##
#....## ##.......##
###...####.........##
#.......+.......รท.'.
##.(.####.........##
##.## ##.......## #(#
##.....## #@# ##...##
#h# ##'## #h# #.#
###.### #.# #..g..#
##.######
#.#.#.######........
#.#.................
#.###.####g#...#####
#.....# #.##.######


You could see 2 jackals and a hobgoblin.

Vanquished Creatures
  A giant gecko (D:1)
  A goblin (D:1)
  2 jackals (D:1)
  2 kobolds (D:1)
  2 bats (D:1)
  A giant newt (D:1)
9 creatures vanquished.

Vanquished Creatures (collateral kills)
  A goblin (D:1)
1 creature vanquished.

Grand Total: 10 creatures vanquished

Notes
Turn   | Place    | Note
--------------------------------------------------------------
     0 | D:1      | Lianjan the Naga Transmuter began the quest for the Orb.
     0 | D:1      | Reached XP level 1. HP: 18/18 MP: 3/3
   485 | D:1      | Reached XP level 2. HP: 23/25 MP: 3/5
   489 | D:1      | Learned a level 2 spell: Sticks to Snakes
   621 | D:1      | Slain by a jackal

Vault maps used:
D:1:      minmay_arrival_wavy_path, minmay_misc_feat_cross,
          corexii_hall_statues_x, minmay_gold_behind_fungi

Action                   || total
-------------------------++-------
Melee: Unarmed           ||    49
 Cast: Beastly Appendage ||     8
       Sticks to Snakes  ||     2
  Eat: Chunk             ||     6
